 Dungeon Crawl Stone Soup version 0.22-a0-159-g7ce444f (webtiles) character file.

59 Gildeon the Cutter (level 4, 0/29 HPs)
             Began as a Halfling Assassin on Feb 9, 2018.
             Succumbed to an adder's poison
             ... on level 2 of the Dungeon.
             The game lasted 00:04:26 (624 turns).

Gildeon the Cutter (Halfling Assassin)               Turns: 624, Time: 00:04:28

Health: 0/29       AC:  3    Str: 12    XL:     4   Next: 22%
Magic:  4/4        EV: 14    Int: 10    God:
Gold:   27         SH:  0    Dex: 15    Spells: 3/3 levels left

rFire    . . .     SeeInvis .   a - +2 dagger
rCold    . . .     Gourm    .   (shield restricted)
rNeg     . . .     Faith    .   c - +0 robe
rPois    .         Spirit   .   (no helmet)
rElec    .         Reflect  .   d - +0 cloak
rCorr    .         Harm     .   (no gloves)
MR       .....                  (no boots)
Stlth    +++.......             (no amulet)
HPRegen  0.09/turn              (no ring)
MPRegen  0.09/turn              (no ring)

@: lethally poisoned (0 -> -3)
A: small, mutation resistance 1
a: no special abilities


You were on level 2 of the Dungeon.
You were not hungry.

You visited 1 branch of the dungeon, and saw 2 of its levels.

You collected 27 gold pieces.

Inventory:

Hand Weapons
 a - a +2 dagger (weapon)
 b - a +0 blowgun
Missiles
 e - 7 poisoned needles
 f - 2 curare-tipped needles
 k - 2 needles of frenzy
Armour
 c - a +0 robe (worn)
 d - a +0 cloak (worn)
Scrolls
 i - a scroll of identify
 j - a scroll of remove curse {unknown}
Potions
 l - a potion of brilliance
Comestibles
 g - a ration
 h - 10 chunks of flesh


   Skills:
 - Level 1.7 Fighting
 + Level 5.1 Short Blades
 - Level 2.0 Throwing
 - Level 1.1 Dodging
 - Level 4.3 Stealth


You had 3 spell levels left.
You didn't know any spells.

Dungeon Overview and Level Annotations

Branches:
Dungeon (2/15)

Altars:


Innate Abilities, Weirdness & Mutations

You are small and have problems with some larger weapons.
You are somewhat resistant to further mutation.


Message History

You hit the giant cockroach.
The giant cockroach is heavily wounded.
* * * LOW HITPOINT WARNING * * *
You feel sick.
The giant cockroach bites you but does no damage.
You closely miss the giant cockroach.
The giant cockroach is heavily wounded.
The giant cockroach bites you but does no damage.
You hit the giant cockroach but do no damage.
The giant cockroach is heavily wounded.
The giant cockroach bites you but does no damage.
You hit the giant cockroach but do no damage.
The giant cockroach is moderately wounded.
The giant cockroach bites you but does no damage.
You barely miss the giant cockroach.
The giant cockroach is moderately wounded.
The giant cockroach bites you but does no damage.
You barely miss the giant cockroach.
The giant cockroach is moderately wounded.
You die...

###### ?..... #......
##########...... #
#...........!... #
#...........# #
#......s@...#
#...........#######
#.................#######
#.=?.....................
#########................
#................
#........).......
#.........####...
#.........# #...


You could see a giant cockroach.

Vanquished Creatures
  3 adders (D:2)
  A worm (D:2)
  2 dart slugs
  A leopard gecko (D:1)
  2 bats (D:1)
  A giant cockroach (D:1)
  A goblin (D:1)
  3 hobgoblins (D:2)
  2 jackals (D:2)
  A kobold (D:2)
  A quokka (D:2)
  3 frilled lizards (D:1)
  3 rats (D:1)
24 creatures vanquished.

Notes
Turn   | Place    | Note
-------+----------+-------------------------------------------
     0 | D:1      | Gildeon the Halfling Assassin began the quest for the Orb.
     0 | D:1      | Reached XP level 1. HP: 14/14 MP: 1/1
    78 | D:1      | Reached skill level 3 in Short Blades
    83 | D:1      | Reached XP level 2. HP: 17/19 MP: 2/2
   408 | D:2      | Reached skill level 4 in Short Blades
   408 | D:2      | Reached XP level 3. HP: 24/24 MP: 3/3
   604 | D:2      | Reached XP level 4. HP: 19/29 MP: 4/4
   612 | D:2      | Reached skill level 5 in Short Blades
   615 | D:2      | HP: 1/29 [giant cockroach (1)]
   624 | D:2      | Succumbed to an adder's poison

Vault maps used:
D:1:      lightli_iron_boxes

Skill      XL: |  1  2  3  4 |
---------------+-------------+-----
Short Blades   | 3 4 5 |  5.1
Fighting       | |  1.7
Throwing       | |  2.0
Dodging        | |  1.1
Stealth        | |  4.3

Action                   |  1- 3 |  4- 6 || total
-------------------------+-------+-------++-------
Melee: Dagger            |    57 |    19 ||    76
 Fire: Blowgun           |     5 |       ||     5
  Use: Scroll            |     1 |       ||     1
 Stab: Sleeping          |     3 |       ||     3
Armor: Robe              |    11 |     6 ||    17
Dodge: Dodged            |    34 |    12 ||    46

Table legend:
 A = Spawn XP
 B = Non-spawn XP
 C = Spawn XP percentage of total XP
 D = Spawn monster count
 E = Non-spawn monster count
 F = Spawn count percentage of total count
 G = Total turns spent on level
                    A         B        C        D         E        F      G
               +---------+---------+-------+---------+---------+-------+---------
         Total |       0 |      85 |   0.0 |       0 |      24 |   0.0 |   624
               +---------+---------+-------+---------+---------+-------+---------
           D:1 |       0 |      21 |   0.0 |       0 |      12 |   0.0 |   392
           D:2 |       0 |      64 |   0.0 |       0 |      12 |   0.0 |   232
               +---------+---------+-------+---------+---------+-------+---------
